 Dungeon Crawl Stone Soup version 0.32-a0-38-gb04dd89b9b (webtiles) character file.

Game seed: 766594543128134002

179 CraigForest the Ruffian (level 5, 0/48 HPs)
             Began as a Troll Shapeshifter on Jan 19, 2024.
             Constricted to death by a hobgoblin (2 damage)
             ... on level 3 of the Dungeon on Jan 23, 2024.
             The game lasted 00:06:04 (1647 turns).

CraigForest the Ruffian (Troll Shapeshifter)        Turns: 1647, Time: 00:06:06

Health: 0/48       AC:  4    Str: 24    XL:     5   Next: 33%
Magic:  4/4        EV:  7    Int:  6    God:
Gold:   188        SH:  5    Dex:  9    Spells: 4/4 levels left

rFire   . .          .
                       - Unarmed
rCold   . . .        (no shield)
rNeg    . . .        a - +0 animal skin
rPois   .            (helmet currently unavailable)
rElec   .            (cloak currently unavailable)
rCorr   .            (gloves unavailable)
SInv    .            (boots unavailable)
Will    .....        g - amulet of reflection
Stlth   +            (no ring)
HPRegen 1.08/turn    (no ring)
MPRegen 0.09/turn

%: reflection
@: beast-form, grasped by roots, constricted
A: beast (slay +2), large, unfitting armour, claws 3, regeneration 1, shaggy fur
1, tough skin 1
a: Begin Untransformation


You were on level 3 of the Dungeon.
You were a hulking beast.
You visited 1 branch of the dungeon, and saw 3 of its levels.

You collected 188 gold pieces.

Inventory:

Hand Weapons
 h - a +1 mace of holy wrath
Missiles
 e - 10 poisoned darts (quivered)
 m - 4 boomerangs
Armour
 a - a +0 animal skin (worn)
Jewellery
 g - an amulet of reflection (around neck)
 i - an amulet of the acrobat
Talismans
 c - a beast talisman (active)
 d - a flux talisman
Scrolls
 f - a scroll of teleportation {unknown}
 j - a scroll of poison {unknown}
 l - a scroll of immolation {unknown}
 n - a scroll of fear {unknown}
Potions
 b - 2 potions of lignification
 k - a potion of curing {unknown}


   Skills:
 - Level 1.0 Fighting
 - Level 2.0 Dodging
 + Level 0.2 Shields
 + Level 5.0 Unarmed Combat
 + Level 4.0 Shapeshifting


You had 4 spell levels left.
You didn't know any spells.
Your spell library was empty.

Dungeon Overview and Level Annotations

Branches:
Dungeon (3/15)

Altars:


Innate Abilities, Weirdness & Mutations

You are a hulking beast.
Your limbs bulge with bestial killing power. (Slay +2)
You are too large for most types of armour.
You have claws for hands.
Your natural rate of healing is unusually fast.
You are covered in fur. (AC +1)
You have tough skin. (AC +1)


Message History

Beogh smites you!
The orc warrior hits you with a +0 short sword.
You claw the orc warrior!
The orc warrior is moderately wounded.
The orc warrior closely misses you.
You claw the orc warrior!
The orc warrior is heavily wounded.
The orc warrior hits you with a +0 short sword!
You closely miss the orc warrior.
The orc warrior is heavily wounded.
The orc warrior hits you with a +0 short sword.
You barely miss the orc warrior.
The orc warrior is heavily wounded.
The orc warrior hits you with a +0 short sword.
You barely miss the orc warrior.
The orc warrior is heavily wounded.
The orc warrior hits you with a +0 short sword.
You scratch the orc warrior but do no damage.
The orc warrior is heavily wounded.
The hobgoblin zaps a wand.
The roots erupt in riotous growth!
The orc warrior is unaffected.
The grasping roots grab you!
The hobgoblin is unaffected.
The grasping roots constrict you.
The orc warrior hits you with a +0 short sword.
You hear a bark!
You claw the orc warrior!
The orc warrior is almost dead.
The grasping roots constrict you.
The orc warrior hits you with a +0 short sword!
* * * LOW HITPOINT WARNING * * *
You scratch the orc warrior but do no damage.
The orc warrior is almost dead.
The grasping roots constrict you.
* * * LOW HITPOINT WARNING * * *
The orc warrior hits you with a +0 short sword.
* * * LOW HITPOINT WARNING * * *
You scratch the orc warrior.
The orc warrior is almost dead.
The grasping roots constrict you.
You die...

#........###
#[.......#
#........#
#........#
#..........
#oo......#. #
#g######.#
#.####o######
#....h........
######.#######
#.# ... .#[# .
.# ## .# .#


You could see an orc warrior, an orc priest, an orc wizard and a hobgoblin.

Vanquished Creatures
  Natasha (thrice) (D:2)
  Robin (D:2)
  2 adders (D:2)
  2 dart slugs
  2 orcs (D:3)
  8 ball pythons
  2 endoplasms (D:1)
  3 giant cockroaches
  11 goblins
  5 hobgoblins
  3 jackals (D:1)
  6 kobolds
  4 quokkas
  4 bats
  3 frilled lizards
  7 rats
66 creatures vanquished.

Notes
Turn   | Place    | Note
-------+----------+-------------------------------------------
     0 | D:1      | CraigForest the Troll Shapeshifter began the quest for the
                  | Orb.
     0 | D:1      | Reached XP level 1. HP: 18/18 MP: 0/0
   184 | D:1      | Reached XP level 2. HP: 26/26 MP: 1/1
   205 | D:1      | Upgraded the game from 0.32-a0-30-gefbe487952 to
                  | 0.32-a0-38-gb04dd89b9b
   364 | D:1      | Reached XP level 3. HP: 32/32 MP: 2/2
   889 | D:2      | Noticed Natasha
   897 | D:2      | Killed Natasha
   898 | D:2      | Reached skill level 4 in Unarmed Combat
   947 | D:2      | Noticed Robin
   952 | D:2      | Reached skill level 1 in Fighting
   954 | D:2      | Killed Robin
   955 | D:2      | Reached XP level 4. HP: 41/41 MP: 3/3
  1058 | D:2      | Noticed Natasha
  1064 | D:2      | Killed Natasha
  1140 | D:2      | Reached XP level 5. HP: 48/48 MP: 4/4
  1242 | D:2      | Noticed Natasha
  1255 | D:2      | Killed Natasha
  1590 | D:3      | Reached skill level 5 in Unarmed Combat
  1625 | D:3      | Noticed an orc warrior
  1646 | D:3      | HP: 1/48 [orc warrior/+0 short sword (4)]
  1647 | D:3      | Constricted to death by a hobgoblin

Illustrated notes

Levels and vault maps discovered:
D:1:      enne_arrival_octagon_isle, layout_basic
D:2:      layout_loops_ring, minmay_gold_behind_fungi, minmay_fountain_box,
          kennysheep_crisscross, uniq_robin, uniq_natasha
D:3:      layout_loops_ring, nicolae_overflow_squiral,
          hangedman_decor_clover_reticule

Skill      XL: |  1  2  3  4  5 |
---------------+----------------+-----
Unarmed Combat | 4 5 |  5.0
Fighting       | 1 |  1.0
Dodging        | 2 |  2.0
Shapeshifting  | 4 |  4.0
Shields        | |  0.2

Action                     |  1- 3 |  4- 6 || total
---------------------------+-------+-------++-------
  Melee: Unarmed           |    70 |    78 ||   148
         Punch             |     3 |     2 ||     5
 Armour: Animal skin       |    37 |    37 ||    74
  Dodge: Dodged            |    27 |    29 ||    56
  Block: Other             |     7 |     8 ||    15
   Form: Beast             |     1 |       ||     1

Table legend: (Time is in decaauts)
 A = Elapsed time spent in this place.
 B = Non-inter-level travel time spent in this place.
 C = Inter-level travel time spent in this place.
 D = Time resting spent in this place.
 E = Time spent auto-exploring this place.
 F = Levels seen in this place.
 G = Mean time per level.
                   A        B        C        D        E       F      G
               +--------+--------+--------+--------+--------+-----+--------+
         Total |   1635 |   1509 |    126 |      0 |   1045 |   3 |  545.0 |
       Dungeon |   1635 |   1509 |    126 |      0 |   1045 |   3 |  545.0 |
               +--------+--------+--------+--------+--------+-----+--------+

Top non-repeatable levels by time:
     D:1: 864 daAuts
     D:2: 606 daAuts
     D:3: 164 daAuts
